 Dungeon Crawl Stone Soup version 0.23.2-1-ga50397a6bc (webtiles) character file.

Game seed: 8551823013889591617

371 Mrkan the Cudgeler (level 6, -6/40 HPs)
             Began as a Gargoyle Fighter on May 18, 2019.
             Was a Follower of Okawaru.
             Killed by divine providence
             ... invoked by an orc priest
              (14 damage)
             ... on level 4 of the Dungeon on May 19, 2019.
             The game lasted 00:05:02 (2673 turns).

Mrkan the Cudgeler (Gargoyle Fighter)               Turns: 2673, Time: 00:05:03

Health: -6/40      AC: 11    Str: 21    XL:     6   Next: 71%
Magic:  6/6        EV:  7    Int:  9    God:    Okawaru [*.....]
Gold:   129        SH:  9    Dex:  9    Spells: 5/5 levels left

rFire    . . .     SeeInvis .   a - +0 flail
rCold    . . .     Gourm    .   c - +0 shield
rNeg     + . .     Faith    .   b - +0 scale mail
rPois    ∞         Spirit   .   (no helmet)
rElec    +         Reflect  .   (no cloak)
rCorr    .         Harm     .   (no gloves)
MR       .....                  (no boots)
Stlth    ..........             (no amulet)
HPRegen  0.13/turn              (no ring)
MPRegen  0.10/turn              (no ring)

@: no status effects
A: negative energy resistance 1, electricity resistance, unbreathing,
petrification resistance, rot immunity, AC +4
a: Heroism, Renounce Religion


You were on level 4 of the Dungeon.
You worshipped Okawaru.
Okawaru was aware of your devotion.
You were hungry.

You visited 1 branch of the dungeon, and saw 4 of its levels.

You collected 129 gold pieces.

Inventory:

Hand Weapons
 a - a +0 flail (weapon)
Armour
 b - a +0 scale mail (worn)
 c - a +0 shield (worn)
 u - a scarf of spirit shield
Jewellery
 h - an uncursed ring of protection from magic {unknown}
 x - an uncursed amulet of magic regeneration {unknown}
 z - a cursed -3 ring of strength {unknown}
Wands
 w - a wand of iceblast (5)
Scrolls
 e - 2 scrolls of immolation {unknown}
 g - 3 scrolls of random uselessness {unknown}
 j - a scroll of enchant armour {unknown}
 m - a scroll of blinking {unknown}
 p - a scroll of noise {unknown}
 q - 2 scrolls of fog {unknown}
 r - 3 scrolls of teleportation {unknown}
 s - a scroll of identify {unknown}
 v - 2 scrolls of remove curse {unknown}
 y - a scroll of amnesia {unknown}
 B - a scroll of enchant weapon {unknown}
Potions
 d - a potion of might
 i - a potion of flight {unknown}
 k - a potion of lignification {unknown}
 l - a potion of curing {unknown}
 n - a potion of brilliance {unknown}
 o - a potion of heal wounds {unknown}
 t - a potion of agility {unknown}
 A - a potion of magic {unknown}
Comestibles
 f - 9 rations


   Skills:
 + Level 5.2 Fighting
 * Level 5.8 Maces & Flails
 - Level 3.2 Armour
 - Level 3.2 Shields


You had 5 spell levels left.
You didn't know any spells.
Your spell library was empty.

Dungeon Overview and Level Annotations

Branches:
Dungeon (4/15)
 Temple: D:4-7

Altars:
Gozag
Nemelex Xobeh
Okawaru
The Shining One

Shops:
D:4 ?


Innate Abilities, Weirdness & Mutations

You are resistant to torment.
Your stone body is resilient. (AC +4)
You are immune to poison.
You resist negative energy. (rN+)
You are resistant to electric shocks. (rElec)
You can survive without breathing.
You are immune to petrification.
You are immune to rotting.


Message History

You see here an orc corpse.
You hit the orc priest.
The orc priest is lightly wounded.
The orc warrior hits you with a +0 flail.
You block the orc priest's attack.
You hit the orc priest.
The orc priest is heavily wounded.
The orc warrior hits you but does no damage.
The orc priest calls down the wrath of Beogh upon you.
Beogh smites you!
* * * LOW HITPOINT WARNING * * *
The orc priest hits you with a +0 hand axe.
* * * LOW HITPOINT WARNING * * *
You see here a hound corpse.
The orc priest looks satisfied for a moment.
There is an escape hatch in the ceiling here.
The orc warrior barely misses you.
The orc priest calls down the wrath of Beogh upon you.
Beogh smites you!
You die...

.....# ##.#..# ##..#
##.#.#
#.....####†..# #.#.#
#.....o....#.# #.#.#
#.....###### # #.#.#
####.## #.# ##†####
#.# ##.....## ##.#
##....o..## #..#
#.......o@# #.##
#.........# ..##
##.........# ...#
##............
...###....>.......##
....)..#.........##
...#####.........#
...# #.........#
#### #.........#


You could see an orc warrior and an orc priest.

Vanquished Creatures
  2 hounds (D:4)
  An orc wizard (D:3)
  An iguana (D:4)
  Natasha (D:3)
  A worker ant zombie (D:4)
  4 gnolls (D:4)
  9 adders
  An adder skeleton (D:4)
  2 worms (D:2)
  2 dart slugs (D:2)
  6 leopard geckos
  6 orcs
  7 bats
  4 giant cockroaches
  5 goblins
  7 hobgoblins
  7 jackals
  2 quokkas (D:2)
  6 frilled lizards
  8 kobolds
  4 rats
86 creatures vanquished.

Notes
Turn   | Place    | Note
-------+----------+-------------------------------------------
     0 | D:1      | Mrkan the Gargoyle Fighter began the quest for the Orb.
     0 | D:1      | Reached XP level 1. HP: 14/14 MP: 1/1
    89 | D:1      | Reached XP level 2. HP: 19/19 MP: 2/2
   686 | D:2      | Found an iron altar of Okawaru.
   698 | D:2      | Reached XP level 3. HP: 9/24 MP: 3/3
   704 | D:2      | Found a sparkling altar of Nemelex Xobeh.
   715 | D:2      | Became a worshipper of Warmaster Okawaru
  1157 | D:2      | Reached XP level 4. HP: 24/29 MP: 4/4
  1288 | D:2      | Found an opulent altar of Gozag.
  1665 | D:2      | Found a glowing golden altar of the Shining One.
  1859 | D:3      | You fall through a shaft!
  1864 | D:4      | Reached XP level 5. HP: 27/34 MP: 5/5
  1918 | D:4      | Found Figy's Magic Scroll Emporium.
  2297 | D:3      | Noticed Natasha
  2302 | D:3      | Reached skill level 5 in Maces & Flails
  2302 | D:3      | Reached XP level 6. HP: 39/40 MP: 6/6
  2328 | D:3      | Killed Natasha
  2328 | D:3      | Reached * piety under Okawaru
  2430 | D:4      | Reached skill level 5 in Fighting
  2656 | D:4      | Noticed an orc warrior
  2673 | D:4      | Killed from afar by an orc priest

Skill      XL: |  1  2  3  4  5  6 |
---------------+-------------------+-----
Maces & Flails | 3 4 5 |  5.8
Fighting       | 4 5 |  5.2
Armour         | |  3.2
Shields        | |  3.2

Action                   |  1- 3 |  4- 6 || total
-------------------------+-------+-------++-------
Melee: Flail             |   165 |   273 ||   438
  Eat: Chunk             |     1 |     5 ||     6
Armor: Scale mail        |    88 |   168 ||   256
Dodge: Dodged            |    56 |    94 ||   150
Block: Shield            |    93 |   150 ||   243
